 Dungeon Crawl Stone Soup version 0.28-a0-720-g7be2a05 (webtiles) character file.

Game seed: 11922551042996647259

21915 NeededCrab the Brawler (level 12, -2/110 HPs)
             Began as a Ghoul Monk on Oct 24, 2021.
             Was a Follower of Uskayaw.
             Slain by a five-headed hydra (11 damage)
             ... on level 2 of the Lair of Beasts.
             The game lasted 00:40:25 (16920 turns).

NeededCrab the Brawler (Ghoul Monk)                Turns: 16920, Time: 00:40:26

Health: -2/110     AC: 15    Str: 16    XL:     12   Next: 95%
Magic:  16/16      EV:  6    Int:  9    God:    Uskayaw [*.....]
Gold:   734        SH:  5    Dex: 11    Spells: 11/11 levels left

rFire   + + .      SeeInvis .     - Unarmed
rCold   + + .      Faith    +   c - +0 buckler
rNeg    + + +      Spirit   .   I - +0 plate armour
rPois   ∞          Reflect  .   E - +0 hat {Will+}
rElec   .          Harm     .   F - scarf {rC+ rF+}
rCorr   .          Rampage  .   (no gloves)
Will    ++...                   J - +0 pair of boots
Stlth   ..........              j - amulet of faith
HPRegen 0.00/turn               i - ring of willpower
MPRegen 0.15/turn               R - ring of protection from fire

@: inhibited regen
A: claws 1, cold resistance 1, negative energy resistance 3, inhibited
regeneration, torment resistance 2
a: Renounce Religion, Stomp


You were on level 2 of the Lair of Beasts.
You worshipped Uskayaw.
Uskayaw was noncommittal.
You visited 3 branches of the dungeon, and saw 14 of its levels.
You also visited: Ossuary.

You collected 1119 gold pieces.
You spent 385 gold pieces at shops.

Inventory:

Hand Weapons
 a - a +3 hunting sling
Missiles
 e - 470 stones (quivered)
Armour
 c - a +0 buckler (worn)
 x - a +2 hat
 E - a +0 hat of willpower (worn)
 F - a scarf of resistance (worn)
 I - a +0 plate armour (worn)
 J - a +0 pair of boots (worn)
 K - a +0 kite shield
 Q - a +0 cloak
Jewellery
 b - a ring of protection from cold
 i - a ring of willpower (left claw)
 j - an amulet of faith (around neck)
 p - a ring of protection from cold
 N - an amulet of magic regeneration
 R - a ring of protection from fire (right claw)
Wands
 m - a wand of mindburst (12)
 G - a wand of digging (6)
 L - a wand of flame (56)
 P - a wand of iceblast (22)
Scrolls
 d - 3 scrolls of enchant weapon
 g - 5 scrolls of teleportation
 h - 3 scrolls of vulnerability {unknown}
 l - a scroll of enchant armour {unknown}
 o - a scroll of summoning {unknown}
 w - a scroll of acquirement {unknown}
 y - 4 scrolls of immolation {unknown}
 A - 2 scrolls of fear {unknown}
 B - 2 scrolls of fog
 C - 2 scrolls of blinking
 H - a scroll of brand weapon {unknown}
Potions
 f - 3 potions of curing {unknown}
 k - a potion of resistance {unknown}
 n - a potion of degeneration {unknown}
 q - 2 potions of invisibility
 r - 3 potions of attraction
 s - 4 potions of flight {unknown}
 t - 3 potions of haste
 u - a potion of brilliance {unknown}
 v - 3 potions of ambrosia
 z - a potion of might {unknown}
 D - a potion of magic {unknown}
 M - 3 potions of lignification {unknown}
 O - a potion of cancellation {unknown}


   Skills:
 - Level 11.5 Fighting
 + Level 8.2 Armour
 - Level 3.2 Dodging
 - Level 3.1 Stealth
 * Level 7.7 Shields
 - Level 15.3 Unarmed Combat
 + Level 7.6 Invocations


You had 11 spell levels left.
You didn't know any spells.
Your spell library contained the following spells:

 Spells                   Type           Power      Damage    Failure   Level
 Ensorcelled Hibernation  Hex/Ice        0%         N/A       100%        2
 Slow                     Hex            0%         N/A       100%        2
 Static Discharge         Conj/Air       0%         N/A       100%        2
 Confusing Touch          Hex            0%         N/A       100%        3
 Ozocubu's Armour         Ice            0%         N/A       100%        3
 Tukima's Dance           Hex            0%         N/A       100%        3
 Lightning Bolt           Conj/Air       0%         1d11      100%        5
 Metabolic Englaciation   Hex/Ice        0%         N/A       100%        5
 Yara's Violent Unravell  Hex/Tmut       0%         3d3       100%        5
 Simulacrum               Ice/Necr       0%         N/A       100%        6
 Summon Hydra             Summ           0%         N/A       100%        7
 Maxwell's Capacitive Co  Air            0%         ∞         100%        8
 Sublimation of Blood     Necr           Unusable   N/A       N/A         2
 Wereblood                Tmut           Unusable   N/A       N/A         2

Dungeon Overview and Level Annotations

Branches:
Dungeon (11/15)            Temple (1/1) D:7            Lair (2/6) D:11
    Orc (0/2) D:11        Ossuary (visited)
  Swamp: Lair:2-4    Shoals: Lair:2-4     Snake: Lair:2-4    Spider: Lair:2-4

Altars:
Ashenzari
Cheibriados
Dithmenos
Elyvilon
Fedhas
Gozag
Hepliaklqana
Kikubaaqudgha
Makhleb
Nemelex Xobeh
Okawaru
Qazlal
Ru
Sif Muna
Trog
Uskayaw
Vehumet
Wu Jian
Xom
Yredelemnul
Zin
The Shining One

Shops:
D:8 ([

Annotations:
D:10 3 runed translucent doors, poml's ghost, journeyman DEEE
Lair:1 exclusion: oklob plant


Innate Abilities, Weirdness & Mutations

You thrive by killing the living.
You are immune to poison.
You have sharp fingernails.
Your flesh is cold resistant. (rC+)
You are immune to negative energy. (rN+++)
You do not regenerate when monsters are visible.
You are immune to unholy pain and torment.


Message History

You block the eight-headed hydra's attack.
The eight-headed hydra bites you but does no damage. x2
You scratch the eight-headed hydra.
You kill the eight-headed hydra!
You feel better. You block the swamp worm's attack.
Aiming: Line Pass
Press: ? - help, Dir - move target The swamp worm appears confused.
You claw the swamp worm!
The swamp worm is moderately wounded.
The swamp worm bites you!
* * * LOW HITPOINT WARNING * * *
You catch the helpless swamp worm completely off-guard!
You claw the swamp worm!
The swamp worm is severely wounded.
Uskayaw will force your foes to share their pain.
You barely miss the swamp worm.
The swamp worm is severely wounded.
The swamp worm seems less confused.
The swamp worm bites you.
* * * LOW HITPOINT WARNING * * *
You claw the swamp worm!
You kill the swamp worm!
You can no longer pass through a line of other dancers.
An iguana comes into view.
You start resting.
A five-headed hydra comes into view.
The iguana hisses angrily.
The five-headed hydra roars!
You enter the shallow water.
Moving in this stuff is going to be slow.
You see here a komodo dragon corpse.
Your plate armour prevents you from hitting the five-headed hydra.
The five-headed hydra bites you!
* * * LOW HITPOINT WARNING * * *
The five-headed hydra bites you!
* * * LOW HITPOINT WARNING * * *
The five-headed hydra bites you!
* * * LOW HITPOINT WARNING * * *
The five-headed hydra bites you!
You die...

###
#######.####
#....@D....#
##.♣♣♣♣♣♣♣..♣♣
#..♣≈≈≈≈≈≈††.♣
#..♣≈≈≈≈≈≈≈≈♣♣
#.♣♣≈≈≈≈≈≈l♣♣
##.#♣♣≈≈≈≈...♣
#..# ♣♣♣♣...♣♣
#..♣ ♣§§§..♣♣
###### ##..♣
♣§.♣♣♣♣


You could see a five-headed hydra.

Vanquished Creatures
  Gastronok (D:8)
  A boulder beetle (D:11)
  3 hydras
  4 two-headed ogres
  An oklob plant (Lair:1)
  Joseph (D:9)
  A rime drake (Lair:2)
  A cane toad (Lair:1)
  6 komodo dragons
  2 trolls (D:10)
  5 blink frogs (Lair:2)
  2 shadows (D:10)
  A vampire (D:7)
  A wraith (D:9)
  4 wyverns
  13 yaks
  A steam dragon (D:11)
  5 vampire mosquitoes
  3 swamp worms (Lair:2)
  7 water moccasins
  8 orc warriors
  An ogre (D:4)
  A sky beast (D:8)
  8 centaurs
  A kobold brigand (D:8)
  3 elf zombies (Ossuary)
  14 bullfrogs
  A wyvern zombie (D:8)
  A gnoll sergeant (D:9)
  A scorpion (D:6)
  5 wights (D:8)
  2 howler monkeys (D:10)
  2 jellies
  A lava snake (D:8)
  2 bullfrog skeletons
  A bullfrog zombie (D:6)
  4 centaur zombies
  A human zombie (Ossuary)
  2 hounds
  6 orc priests
  Jessica (D:3)
  3 iguanas
  9 orc wizards
  Natasha (thrice) (D:2)
  A killer bee zombie (D:5)
  A hound skeleton (D:4)
  3 mummies
  A howler monkey zombie (D:6)
  5 gnolls (D:9)
  4 adders
  A shadow imp (D:4)
  An adder skeleton (D:5)
  An adder zombie (Ossuary)
  4 dart slugs
  35 orcs
  4 bats
  5 endoplasms
  4 giant cockroaches
  7 goblins
  9 hobgoblins
  6 jackals
  4 quokkas
  6 ball pythons
  4 frilled lizards
  2 goblin zombies
  11 hobgoblin zombies (Ossuary)
  3 jackal zombies (Ossuary)
  15 kobolds
  6 kobold zombies (Ossuary)
  9 orc zombies
  20 rats
  A rat zombie (Ossuary)
  A bush (D:7)
318 creatures vanquished.

Vanquished Creatures (others)
  A manticore (D:10)
  A basilisk (D:10)
  6 fungi
  3 plants
11 creatures vanquished.

Grand Total: 329 creatures vanquished

Notes
Turn   | Place    | Note
-------+----------+-------------------------------------------
     0 | D:1      | NeededCrab the Ghoul Monk began the quest for the Orb.
     0 | D:1      | Reached XP level 1. HP: 19/19 MP: 0/0
   230 | D:1      | Reached XP level 2. HP: 25/26 MP: 1/1
   860 | D:1      | Reached XP level 3. HP: 27/31 MP: 2/2
  1209 | D:2      | Reached XP level 4. HP: 35/40 MP: 3/3
  1232 | D:2      | Noticed Natasha
  1263 | D:2      | Killed Natasha
  1264 | D:2      | Reached skill level 4 in Unarmed Combat
  1961 | D:2      | Noticed Natasha
  1973 | D:2      | Killed Natasha
  1974 | D:2      | Reached skill level 1 in Armour
  1974 | D:2      | Reached XP level 5. HP: 32/46 MP: 4/4
  2283 | D:2      | Noticed Natasha
  2293 | D:2      | Killed Natasha
  2395 | D:3      | Noticed Jessica
  2398 | D:3      | Killed Jessica
  2569 | D:3      | Found a shimmering altar of Xom.
  2581 | D:3      | Reached skill level 5 in Unarmed Combat
  2702 | D:3      | Reached XP level 6. HP: 53/53 MP: 5/5
  3193 | D:4      | Found a sand-covered staircase.
  3205 | Ossuary  | Entered an ossuary
  3919 | Ossuary  | Reached skill level 5 in Fighting
  3919 | Ossuary  | Reached skill level 6 in Unarmed Combat
  3919 | Ossuary  | Reached XP level 7. HP: 54/61 MP: 6/6
  4969 | D:4      | Reached skill level 7 in Unarmed Combat
  5190 | D:5      | Entered Level 5 of the Dungeon
  5214 | D:5      | Reached skill level 14 in Unarmed Combat
  5214 | D:5      | Reached XP level 8. HP: 69/69 MP: 7/7
  5215 | D:5      | Reached XP level 9. HP: 89/89 MP: 8/8
  5493 | D:5      | Found a sparkling altar of Nemelex Xobeh.
  5640 | D:5      | Found a bloodstained altar of Trog.
  5905 | D:6      | Found a stormy altar of Qazlal.
  6254 | D:6      | Reached XP level 10. HP: 94/96 MP: 9/9
  6967 | D:7      | Found a staircase to the Ecumenical Temple.
  6982 | Temple   | Entered the Ecumenical Temple
  7196 | Temple   | Became a worshipper of Uskayaw the Reveller
  7196 | Temple   | Reached * piety under Uskayaw
  7213 | D:7      | Reached ** piety under Uskayaw
  7661 | D:7      | Reached *** piety under Uskayaw
  7752 | D:7      | Found a blossoming altar of Fedhas.
  8002 | D:7      | Reached skill level 1 in Invocations
  8181 | D:8      | Reached **** piety under Uskayaw
  8236 | D:8      | Reached skill level 15 in Unarmed Combat
  8250 | D:8      | Reached ***** piety under Uskayaw
  8535 | D:8      | Found Celuafob's Antique Weapon Shop.
  8627 | D:8      | Found a snail-covered altar of Cheibriados.
  9106 | D:8      | Found Gipteruha's Armour Boutique.
  9158 | D:8      | Reached skill level 5 in Armour
  9210 | D:8      | Bought a +0 plate armour for 322 gold pieces
  9210 | D:8      | Bought a +0 pair of boots for 63 gold pieces
  9357 | D:9      | Noticed Joseph
  9366 | D:9      | Killed Joseph
  9414 | D:9      | Noticed a two-headed ogre
  9449 | D:9      | Noticed Gastronok
  9822 | D:8      | Killed Gastronok
  9823 | D:8      | Reached XP level 11. HP: 71/102 MP: 12/12
  9981 | D:9      | Noticed a two-headed ogre
 10352 | D:9      | Reached skill level 1 in Shields
 10434 | D:9      | Killed a two-headed ogre
 10490 | D:9      | Killed a two-headed ogre
 10955 | D:10     | Entered Level 10 of the Dungeon
 11038 | D:10     | Found a runed translucent gate.
 11079 | D:10     | Killed a manticore
 11206 | D:10     | Found a runed translucent gate.
 11207 | D:10     | Found a runed translucent gate.
 11207 | D:10     | Noticed poml's ghost (journeyman DEEE)
 11208 | D:10     | Found an opulent altar of Gozag.
 11208 | D:10     | Noticed a cyclops
 11360 | D:10     | Noticed a two-headed ogre
 11368 | D:10     | Killed a two-headed ogre
 11632 | D:10     | Found a burning altar of Makhleb.
 11754 | D:10     | Reached skill level 5 in Invocations
 11957 | D:10     | Noticed a two-headed ogre
 11962 | D:10     | Killed a two-headed ogre
 12212 | D:10     | Found an iron altar of Okawaru.
 12458 | D:11     | Found a staircase to the Orcish Mines.
 12612 | D:11     | Noticed a boulder beetle
 12739 | D:11     | HP: 4/102 [boulder beetle (13)]
 12752 | D:11     | Killed a boulder beetle
 13083 | D:11     | Reached ****** piety under Uskayaw
 13640 | D:11     | Reached XP level 12. HP: 106/110 MP: 15/15
 13764 | D:11     | Reached skill level 5 in Shields
 14462 | D:11     | Found a staircase to the Lair.
 14722 | Lair:1   | Entered Level 1 of the Lair of Beasts
 15299 | Lair:1   | Noticed a six-headed hydra
 15305 | Lair:1   | Killed a six-headed hydra
 15866 | Lair:2   | Noticed a four-headed hydra
 15875 | Lair:2   | Killed a four-headed hydra
 16861 | Lair:2   | Noticed an eight-headed hydra
 16868 | Lair:2   | Killed an eight-headed hydra
 16909 | Lair:2   | Noticed a five-headed hydra
 16920 | Lair:2   | Slain by a five-headed hydra

Illustrated notes

Levels and vault maps discovered:
D:1:      lemuel_arrival_behind_the_door_large, layout_loops_ring
D:2:      layout_basic, corexii_item_surrounded_by_moat, minmay_rat_hole,
          uniq_natasha
D:3:      layout_basic, mainiacjoe_overflow_small_starburst, uniq_jessica
D:4:      layout_gridville, nicolae_ossuary_entry_giza, minmay_crystal_room
D:5:      layout_loops_ring, mainiacjoe_overflow_tiny_flanked, lemuel_tele_altar
D:6:      layout_loops_ring, nicolae_qazlal_style_of_elements
D:7:      layout_loops_corners, fedhas_bush_and_centaur_altar,
          minmay_temple_entry_tees
D:8:      layout_gridville, mainiacjoe_overflow_paths, serial_shops, shop,
          nicolae_inconvenience_store, chequers_serial_rivers_micro_b
D:9:      layout_loops_ring, hangedman_decor_growths, uniq_joseph,
          uniq_gastronok
D:10:     layout_basic, lightli_temple_of_fire, kennysheep_okawaru_gauntlet,
          ebering_ghost_gozag, grunt_ministairs_10
D:11:     layout_roguey [special_room_orc], erik_lair_dragon, orc_0_dummy
Temple:   eino_temple_water
Lair:1:   minmay_lair_oklob_tunnel, layout_small_grid, lemuel_old_faithful
Lair:2:   layout_misc_corridors, palyth_hydra_swamp_entry, special_room,
          grunt_megastairs_1

Skill      XL: |  1  2  3  4  5  6  7  8  9 10 11 12 |
---------------+-------------------------------------+-----
Dodging        | 3 |  3.2
Stealth        | 3 |  3.1
Fighting       | 4 5 11 | 11.5
Unarmed Combat | 4 5 6 14 15 | 15.3
Armour         | 1 2 3 5 7 8 |  8.2
Invocations    | 3 5 7 |  7.6
Shields        | 4 7 |  7.7

Action                   |  1- 3 |  4- 6 |  7- 9 | 10-12 || total
-------------------------+-------+-------+-------+-------++-------
Melee: Unarmed           |    87 |   215 |   176 |   558 ||  1036
       Punch             |     1 |       |     7 |    30 ||    38
 Fire: Hunting sling     |     6 |    41 |       |     2 ||    49
Invok: Stomp             |       |       |       |     6 ||     6
       Line Pass         |       |       |       |     4 ||     4
  Use: Scroll            |       |       |     6 |     6 ||    12
       Potion            |       |       |     2 |     4 ||     6
 Stab: Sleeping          |     1 |     2 |       |       ||     3
       Paralysed         |       |       |       |    46 ||    46
       Confused          |       |       |       |     2 ||     2
Armor: Ring mail         |    18 |    57 |    17 |       ||    92
       Robe              |     2 |       |       |       ||     2
       Scale mail        |       |       |    34 |       ||    34
       Chain mail        |       |       |     5 |    68 ||    73
       Plate armour      |       |       |       |   204 ||   204
Dodge: Dodged            |    51 |   113 |    79 |   149 ||   392
Block: Buckler           |       |       |       |    14 ||    14
       Kite shield       |       |       |       |     2 ||     2

Table legend: (Time is in decaauts)
 A = Elapsed time spent in this place.
 B = Non-inter-level travel time spent in this place.
 C = Inter-level travel time spent in this place.
 D = Time resting spent in this place.
 E = Time spent auto-exploring this place.
 F = Levels seen in this place.
 G = Mean time per level.
                   A        B        C        D        E       F      G
               +--------+--------+--------+--------+--------+-----+--------+
         Total |  16722 |  16237 |    485 |   1762 |  11847 |  15 | 1114.8 |
       Dungeon |  13383 |  12954 |    429 |   1465 |   9367 |  11 | 1216.6 |
        Temple |    228 |    205 |     23 |      0 |    192 |   1 |  228.0 |
          Lair |   2170 |   2137 |     33 |      9 |   1857 |   2 | 1085.0 |
       Ossuary |    939 |    939 |      0 |    288 |    431 |   1 |  939.0 |
               +--------+--------+--------+--------+--------+-----+--------+

Top non-repeatable levels by time:
    D:10: 1947 daAuts
    D:11: 1765 daAuts
     D:8: 1560 daAuts
     D:7: 1272 daAuts
     D:2: 1233 daAuts
     D:9: 1182 daAuts
     D:1: 1143 daAuts
  Lair:1: 1122 daAuts
  Lair:2: 1048 daAuts
     D:4: 957 daAuts
 Ossuary: 939 daAuts
     D:3: 880 daAuts
     D:6: 766 daAuts
     D:5: 674 daAuts
  Temple: 228 daAuts
